[Event "*** Titled Tuesday Blitz"]
[Site "Chess.com"]
[Date "2018.09.04"]
[Round "7"]
[White "dimke2802"]
[Black "chessmaxusa"]
[Result "1-0"]
[WhiteElo "2435"]
[BlackElo "2489"]
[TimeControl "180+2"]
[EndTime "15:09:56 PDT"]
[Termination "dimke2802 won by checkmate"]

1. d4 c6 2. c4 d5 3. Nc3 Nf6 4. e3 Bf5 5. cxd5 Nxd5 6. Nge2 e6 7. e4 Nxc3 8. Nxc3 Bg6 9. Be3 Be7 10. Bc4 Nd7 11. O-O Nf6 12. f3 O-O 13. Qe2 a5 14. Rad1 Re8 15. a3 a4 16. Ba2 Bf8 17. Qf2 Qa5 18. h3 Red8 19. Qe1 Qa6 20. Bb1 b5 21. f4 h6 22. f5 exf5 23. exf5 Bh7 24. Qg3 Kh8 25.
Ba2 Rd7 26. Qh4 Rad8 27. Bxh6 gxh6 28. Qxf6+ Bg7 29. Qh4 Qb6 30. f6 Bf8 31. Kh1 Rxd4 32.
Rxd4 Rxd4 33. Qf2 Bg6 34. Ne2 Bc5 35. Nxd4 Bxd4 36. Qe2 Qd8 37. Qe7 Qg8 38. Re1 Kh7 39. h4 Bxb2 40. Rd1 Bh5 41. Rd8 Qg4 42. Bb1+ Bg6 43. Qe8 Qxh4+ 44. Kg1 Bd4+ 45. Rxd4 Qxd4+ 46. Kh2 Qf4+ 47. g3 Qd2+ 48. Kh3 Qd4 49. Qxf7+ Kh8 50. Qg7# 1-0

[Event "*** Titled Tuesday Blitz"]
[Site "Chess.com"]
[Date "2018.09.04"]
[Round "7"]
[White "ShadyH9"]
[Black "northridgehawk"]
[Result "1-0"]
[WhiteElo "2179"]
[BlackElo "2115"]
[TimeControl "180+2"]
[EndTime "15:09:57 PDT"]
[Termination "ShadyH9 won by checkmate"]

1. d4 f5 2. c4 Nf6 3. Nf3 g6 4. g3 Bg7 5. Bg2 O-O 6. O-O d6 7. Nc3 c6 8. d5 e5 9. dxe6 Bxe6 10. Qb3 Na6 11. Nd2 Nc5 12. Qc2 a5 13. b3 Qe7 14.
Bb2 Rfe8 15. Rad1 Bf7 16. Rfe1 d5 17. cxd5 cxd5 18. Qb1 Nce4 19. Ncxe4 dxe4 20. Nc4 Red8 21. Ba3 Qe6 22. Nd6 Nd5 23. Nxf7 Qxf7 24. Bb2 Nc3 25. Bxc3 Bxc3 26. Rxd8+ Rxd8 27. Rd1 Qe7 28. e3 b5 29. Bf1 b4 30. Bc4+ Kg7 31. h4 Bd2 32. Qc2 Qd6 33.
Kf1 f4 34. gxf4 Qf6 35. Rxd2 Rxd2 36. Qxd2 Qxh4 37. Qd7+ Kh6 38. Ke2 Qh5+ 39. Kd2 Qf3 40. Ke1 Kh5 41. Be2 h6 42. Bxf3+ exf3 43. Qd5+ Kg4 44.
Qe6+ Kh4 45. Qxg6 a4 46. Qxh6+ Kg4 47. Qg5+ Kh3 48. Qg3# 1-0

[Event "*** Titled Tuesday Blitz"]
[Site "Chess.com"]
[Date "2018.09.04"]
[Round "7"]
[White "MrVezunchik"]
[Black "maciek_92"]
[Result "1-0"]
[WhiteElo "2836"]
[BlackElo "2662"]
[TimeControl "180+2"]
[EndTime "15:09:59 PDT"]
[Termination "MrVezunchik won by resignation"]

1. d4 Nf6 2. c4 e6 3. g3 c5 4. d5 exd5 5. cxd5 d6 6. Nc3 g6 7.
Bg2 Bg7 8. Nf3 O-O 9. O-O Re8 10. Re1 a6 11. a4 Qc7 12. Qc2 Nbd7 13. a5 c4 14. Qa4 Qc5 15. Nd2 b5 16. axb6 Nxb6 17.
Qa5 Qxa5 18. Rxa5 Bb7 19. Nde4 Nxe4 20. Nxe4 Bxd5 21. Nxd6 Bxg2 22. Nxe8 Rxe8 23. Kxg2 c3 24. Rxa6 Nd5 25. bxc3 Bxc3 26. Rd1 Nb4 27. Ra3 Bg7 28. Re3 Rc8 29. Rb3 Nc6 30. Bb2 Na5 31. Rb5 Bxb2 32. Rxb2 Re8 33. Rc1 Re7 34. e3 Nb7 35.
Rb6 Kg7 36. Rbc6 Nd8 37. Rc7 Re4 38. R1c4 Re5 39. Rf4 Rd5 40. Rd4 Rxd4 41. exd4 Kf6 42. Kf3 Ke6 43. Ke3 h5 44. h4 Kd6 45. Ra7 Ke6 46. Ke4 f5+ 47. Kf4 Kf6 48. d5 1-0

[Event "*** Titled Tuesday Blitz"]
[Site "Chess.com"]
[Date "2018.09.04"]
[Round "7"]
[White "evgenysharapov"]
[Black "Zarikovs1999"]
[Result "1/2-1/2"]
[WhiteElo "2439"]
[BlackElo "2186"]
[TimeControl "180+2"]
[EndTime "15:10:01 PDT"]
[Termination "Game drawn by agreement"]

1. e4 c5 2. Nf3 d6 3. d4 cxd4 4. Nxd4 Nf6 5. Nc3 a6 6. g3 e5 7. Nb3 Be6 8. Bg2 Be7 9. a4 Nbd7 10. O-O O-O 11. Re1 Nc5 12. Nxc5 dxc5 13. Nd5 Rc8 14. c4 Bxd5 15. exd5 Bd6 16. a5 Re8 17. Bd2 Qd7 18.
Qa4 Qxa4 19. Rxa4 Kf8 20. b4 cxb4 21. Bxb4 Bxb4 22. Rxb4 Re7 23. d6 Rd7 24. Rxe5 Rxd6 25. Bxb7 Rb8 26. c5 Rd1+ 27. Kg2 Nd7 28. c6 Nxe5 29. c7 Nd7 30. Bf3 Rc8 31. Bxd1 Rxc7 32.
Be2 Ke7 33. Re4+ Kd6 34. Rh4 h6 35. Bxa6 Ra7 36. Bb5 Nc5 37. a6 Ra8 38. Rd4+ Ke5 39. Rc4 Nxa6 40. Bxa6 Rxa6 41. Rc7 Ke6 42. h4 g6 43. Rb7 1/2-1/2

[Event "*** Titled Tuesday Blitz"]
[Site "Chess.com"]
[Date "2018.09.04"]
[Round "7"]
[White "Msb2"]
[Black "Gareth-Bale11"]
[Result "1-0"]
[WhiteElo "2840"]
[BlackElo "2619"]
[TimeControl "180+2"]
[EndTime "15:10:04 PDT"]
[Termination "Msb2 won by resignation"]

1. d4 d5 2. c4 e6 3. Nf3 Nf6 4. g3 Bb4+ 5. Bd2 Bd6 6. Bg2 O-O 7. O-O Nbd7 8. Qb3 c6 9. Nc3 a5 10. a3 h6 11. Rad1 Qe7 12. Rfe1 Ne4 13. Qc2 f5 14. c5 Bc7 15. Bf4 Bxf4 16. gxf4 g5 17. Ne5 gxf4 18.
Ng6 Qg5 19. Nxf8 Nxf8 20. f3 Nf6 21. Qd2 Ng6 22. e3 Kh7 23. Qf2 fxe3 24. Rxe3 f4 25. Re2 Nh5 26. Rde1 Bd7 27. Kh1 Rg8 28. Bh3 Ng3+ 29. hxg3 fxg3 30. Qf1 Nf4 31. Kg1 Qh4 32. Bg4 h5 33. Nd1 hxg4 34. fxg4 Rxg4 35. Ne3 Nh3+ 36. Kg2 Nf2 37. Nxg4 Qh3+ 38. Kf3 Qxg4+ 39. Ke3 Qe4+ 40. Kd2 Qxd4+ 41. Kc2 e5 42. Rxe5 Qxc5+ 43. Kb1 Bg4 44. Qg2 Qd6 45. Qxg3 Bf5+ 46. Ka1 1-0

[Event "*** Titled Tuesday Blitz"]
[Site "Chess.com"]
[Date "2018.09.04"]
[Round "7"]
[White "oskariot"]
[Black "Aryangholami"]
[Result "1-0"]
[WhiteElo "2501"]
[BlackElo "2715"]
[TimeControl "180+2"]
[EndTime "15:10:14 PDT"]
[Termination "oskariot won by resignation"]

1. c4 Nf6 2. g3 e5 3. Bg2 Nc6 4. Nc3 Bb4 5. Nd5 O-O 6. Nf3 Re8 7.
O-O Bf8 8. d3 Nxd5 9. cxd5 Nb4 10.
Qb3 a5 11. a3 Na6 12. Bg5 Be7 13. Be3 d6 14. Rac1 f5 15. Nxe5 dxe5 16. d6+ Kh8 17. dxe7 Qxe7 18. Qb5 c6 19. Qxa5 Be6 20. Qxe5 Qd7 21.
Qd4 Qf7 22. Qb6 Bd5 23. Bxd5 Qxd5 24. Qxb7 Reb8 25. Qxc6 Qxc6 26. Rxc6 Rxb2 27. Rfc1 h6 28. Rc8+ Rxc8 29. Rxc8+ Kh7 30. Rc6 Nb8 31. Rb6 Rxb6 32. Bxb6 Nd7 33. Bd4 Kg6 34. a4 Kf7 35. a5 Nb8 36. f3 g5 37. e4 Ke6 38. Kf2 Nc6 39. Bb6 Nb4 40. Ke3 h5 41. d4 g4 42.
fxg4 hxg4 43. Kf4 fxe4 44. Kxe4 Nd5 45. Bc5 Nc3+ 46. Kf4 Nd5+ 47. Kxg4 Nc7 48. h4 Kf6 49. h5 Nd5 50. a6 Nc7 51. a7 Na8 52. Bb4 1-0

[Event "*** Titled Tuesday Blitz"]
[Site "Chess.com"]
[Date "2018.09.04"]
[Round "7"]
[White "MikeSailer"]
[Black "jeetjain"]
[Result "0-1"]
[WhiteElo "2095"]
[BlackElo "2307"]
[TimeControl "180+2"]
[EndTime "15:10:14 PDT"]
[Termination "jeetjain won on time"]

1. c4 e6 2. g3 d5 3. Bg2 Nf6 4.
Nf3 dxc4 5. Qa4+ Nbd7 6. Qxc4 a6 7. O-O b5 8. Qc2 Bb7 9. d4 c5 10. dxc5 Bxc5 11. Rd1 O-O 12. Nc3 Qb6 13. e3 Rac8 14. Qe2 Rfd8 15. a3 h6 16. Nd4 Bxg2 17.
Kxg2 Ne5 18. f3 Nc4 19. Nb3 Rxd1 20. Nxd1 Be7 21. Nd4 Nd5 22. Bd2 Bc5 23. Bc3 Ndxe3+ 24. Nxe3 Bxd4 25. Nxc4 Rxc4 26. Bxd4 Rxd4 27. Rc1 Qd8 28. Rc2 Rd1 29. h4 Qd3 30. Qf2 Kh7 31. h5 e5 32. Re2 Qf5 33. g4 Qf4 34. Rxe5 Qxe5 35. Qc2+ Kg8 36. Qc8+ Kh7 37. Qc2+ f5 38. Qxd1 Qxb2+ 39. Kg3 Qxa3 40. gxf5 Qe7 41. f6 Qxf6 42. Qd3+ Kg8 43.
Qd5+ Kh7 44. Qe4+ Kg8 45. Qa8+ Kf7 46. Qd5+ Qe6 47. Qb7+ Kf6 48. Qc7 Qe5+ 49. Qxe5+ Kxe5 0-1

[Event "*** Titled Tuesday Blitz"]
[Site "Chess.com"]
[Date "2018.09.04"]
[Round "7"]
[White "Orest_Vovk"]
[Black "Haykos"]
[Result "1-0"]
[WhiteElo "2442"]
[BlackElo "2533"]
[TimeControl "180+2"]
[EndTime "15:10:20 PDT"]
[Termination "Orest_Vovk won by resignation"]

1. g4 d5 2. h3 h5 3. g5 h4 4. Bg2 c6 5. d4 Bf5 6. c4 e6 7. Nc3 Be7 8. Qb3 Qb6 9. c5 Qxb3 10. axb3 Nd7 11. Bf4 Rh5 12. Nf3 Be4 13. O-O Bc2 14.
b4 f6 15. b5 fxg5 16. Bd2 Ngf6 17. Nxg5 e5 18. Ne6 Kf7 19. Ng5+ Kg6 20. bxc6 bxc6 21. dxe5 Nxe5 22. Ne6 Kf7 23. Nc7 Rc8 24. Rxa7 Bxc5 25.
Rb7 Ned7 26. Na6 Bd6 27. e4 dxe4 28. Nxe4 Be7 29. Nxf6 Nxf6 30. Re1 Ng8 31. Bb4 c5 32. Bc3 Kf8 33. Nc7 Bf5 34. Ne6+ Bxe6 35. Rxe6 Bf6 36.
Bxf6 Nxf6 37. Ree7 Rg5 38. Kf1 Rd8 39. Bf3 Rd3 40. Ke2 Rd8 41. Re3 Nd5 42. Bxd5 Rdxd5 43. Ree7 Rge5+ 44. Rxe5 Rxe5+ 45. Kf3 Rf5+ 46. Kg2 g5 47.
Rb5 Ke7 48. b4 Kf6 49. Rxc5 Rf4 50. Rc6+ Kf5 51. Rb6 Rxb4 1-0

[Event "*** Titled Tuesday Blitz"]
[Site "Chess.com"]
[Date "2018.09.04"]
[Round "7"]
[White "twitchTriniCupid"]
[Black "mjray79"]
[Result "1-0"]
[WhiteElo "2201"]
[BlackElo "2028"]
[TimeControl "180+2"]
[EndTime "15:10:27 PDT"]
[Termination "twitchTriniCupid won on time"]

1. d4 Nf6 2. c4 e6 3. Nf3 Bb4+ 4. Bd2 a5 5. g3 b6 6. Bg2 Bb7 7. O-O O-O 8. b3 Bxd2 9. Nbxd2 d6 10. Qc2 c5 11.
Rad1 Nbd7 12. Rfe1 e5 13. dxe5 dxe5 14. Nf1 Qe7 15.
Ne3 Rad8 16. Nd2 Bxg2 17. Kxg2 Nb8 18. Ne4 Qb7 19. f3 Nxe4 20. fxe4 Nc6 21. Nd5 Nb4 22. Qb2 Rfe8 23. Rf1 Nxd5 24. Rxd5 Rxd5 25. exd5 b5 26. Qc3 bxc4 27. bxc4 Qb4 28. Qd3 e4 29. Qc2 e3 30. Qf5 Qb7 31. Rb1 Qa6 32. Rf1 Qb7 33. Rb1 Qa6 34. Qd7 Rf8 35. Qg4 Re8 36. Qe4 Qa8 37.
Qf3 Qa6 38. Rb3 Qh6 39. Rb7 Qg6 40. Rc7 h6 41. Rxc5 Qc2 42. Rc7 Rf8 43. d6 Qxa2 44. d7 Qd2 45. c5 a4 46. c6 a3 47. Rc8 a2 48. c7 a1=Q 49. Rxf8+ Kh7 50. d8=Q 1-0

[Event "*** Titled Tuesday Blitz"]
[Site "Chess.com"]
[Date "2018.09.04"]
[Round "7"]
[White "GadimbayliA"]
[Black "A-Fier"]
[Result "1/2-1/2"]
[WhiteElo "2680"]
[BlackElo "2757"]
[TimeControl "180+2"]
[EndTime "15:10:39 PDT"]
[Termination "Game drawn by repetition"]

1. e4 c5 2. Nf3 Nc6 3. Bb5 g6 4. Bxc6 bxc6 5. d4 cxd4 6. Qxd4 Nf6 7. e5 Nd5 8. c4 Nc7 9. O-O Bg7 10. Nc3 Ne6 11.
Qe4 O-O 12. Qh4 f6 13. exf6 Bxf6 14. Ng5 Bxg5 15. Bxg5 Rf7 16. Rad1 d6 17. Bh6 c5 18. Rfe1 Nd4 19. Rxd4 cxd4 20. Nd5 g5 21. Nxe7+ Rxe7 22. Qxg5+ Kf7 23. Qd5+ Re6 24. Re4 Rb8 25. b3 Qg8 26. f3 Ke7 27. Bg5+ Kd7 28. f4 Kc7 29. f5 Qxg5 30. fxe6 Qxd5 31. cxd5 Bb7 32. Rxd4 Rf8 33.
Rc4+ Kb6 34. Rb4+ Kc7 35. Rc4+ Kd8 36. Rd4 Rf5 37. Rh4 h5 38. g4 Rxd5 39. Rxh5 Rxh5 40. gxh5 Ke7 41. Kf2 Be4 42. Ke3 Bf5 43. h6 Kxe6 44.
Kd4 Bh7 45. b4 Kd7 46. b5 Bg8 47. a4 Kc7 48. a5 Kb7 49. Ke4 Bh7+ 50. Kd5 Kc7 51. h3 Bb1 52. Kd4 Kd7 53. Kd5 Ba2+ 54. Kd4 Bb1 55. Kd5 Ba2+ 56. Kd4 Bg8 57. Ke4 Ke6 58.
Kd4 Kd7 59. Ke4 Bh7+ 60. Kd4 Bb1 1/2-1/2

[Event "*** Titled Tuesday Blitz"]
[Site "Chess.com"]
[Date "2018.09.04"]
[Round "7"]
[White "GreatDamnedRedSpot"]
[Black "NemtsevIgor"]
[Result "1-0"]
[WhiteElo "2319"]
[BlackElo "2368"]
[TimeControl "180+2"]
[EndTime "15:10:47 PDT"]
[Termination "GreatDamnedRedSpot won by resignation"]

1. e4 c6 2. d4 d5 3. exd5 cxd5 4. c3 Nf6 5. Bd3 Bg4 6. Qb3 Qc8 7. h3 Bh5 8. Bg5 e6 9. Nd2 Bg6 10. Bxg6 hxg6 11. Ngf3 Nc6 12. O-O Bd6 13. Bxf6 gxf6 14.
c4 dxc4 15. Nxc4 Be7 16. d5 exd5 17. Ne3 d4 18. Nd5 O-O 19. Rac1 Qd7 20. Rfd1 Rad8 21.
Nxd4 Nxd4 22. Rxd4 Kg7 23. Rcd1 Bc5 24. R4d3 Qc6 25. Qc3 Rd6 26. Ne3 Rxd3 27. Qxd3 Re8 28. Nd5 Re5 29. a3 Rf5 30. Ne3 Rf4 31. Qd5 Bxe3 32.
fxe3 Rc4 33. Qxc6 Rxc6 34. Rd2 b6 35. Kf2 f5 36. Kf3 Kf6 37. e4 fxe4+ 38. Kxe4 a5 39.
Kf3 Rc5 40. h4 Rb5 41. g3 Rb3+ 42. Kg4 a4 43. Rf2+ Kg7 44. Rf4 b5 45. Rb4 Rxb4+ 46.
axb4 f5+ 47. Kg5 Kf7 48. h5 gxh5 49. Kxf5 Ke7 50. Kg5 Ke6 51. Kxh5 Kd5 52. g4 Kc4 53. g5 Kxb4 54. g6 Kb3 55. g7 Kxb2 56. g8=Q a3 57. Qg7+ Kb1 58. Qg6+ Kb2 59. Qg5 Kc2 60. Qf5+ Kc1 61.
Qc5+ Kb2 62. Qxb5+ Kc2 63. Qc4+ Kb2 64. Qb4+ Ka2 65.
Kg5 Ka1 66. Qxa3+ 1-0

[Event "*** Titled Tuesday Blitz"]
[Site "Chess.com"]
[Date "2018.09.04"]
[Round "7"]
[White "ahmadzada13"]
[Black "Nowaybacksasha"]
[Result "0-1"]
[WhiteElo "2645"]
[BlackElo "2818"]
[TimeControl "180+2"]
[EndTime "15:10:52 PDT"]
[Termination "Nowaybacksasha won by resignation"]

1. d4 Nf6 2. c4 g6 3. Nc3 d5 4. Nf3 Bg7 5. Bg5 dxc4 6. e4 c5 7. Bxc4 cxd4 8. Qxd4 Qxd4 9. Nxd4 Nxe4 10. Nxe4 Bxd4 11.
O-O-O Nc6 12. Bd5 Bg7 13. Rhe1 Ne5 14. h3 h6 15. Bf4 O-O 16. Nc5 Nc6 17. Bxc6 bxc6 18.
Rxe7 Bf5 19. g4 Bc8 20. Bd6 Rd8 21. Rc7 Re8 22. b3 h5 23. f3 Re2 24. Bf4 hxg4 25. fxg4 Be6 26. Nxe6 Rxe6 27. Rdd7 Rf6 28. Bg5 Rf2 29.
Bd2 a5 30. Ra7 Re8 31. Rxa5 Ree2 32. Rc5 Re6 33. Rd8+ Kh7 34. Rd7 Kg8 35. Rc4 Rh2 36. a4 Rxh3 37. a5 Rxb3 38. a6 Ra3 39. a7 Re8 40. Rb4 Be5 41. Rbb7 Ra1+ 42. Kc2 Ra2+ 43. Kd3 c5 44. Bc1 c4+ 45. Kxc4 Rc2+ 46. Kd3 Rxc1 47.
Re7 Rd8+ 48. Ke2 Bh8 49. Rb8 Rcc8 50. Rxc8 Rxc8 51. Rb7 Be5 52. Kf3 Kg7 53. Ke4 Bh2 54.
Kd5 Ra8 55. Kc6 Bg1 0-1

[Event "*** Titled Tuesday Blitz"]
[Site "Chess.com"]
[Date "2018.09.04"]
[Round "7"]
[White "SaraciNderim"]
[Black "jk13"]
[Result "1-0"]
[WhiteElo "2513"]
[BlackElo "2537"]
[TimeControl "180+2"]
[EndTime "15:10:58 PDT"]
[Termination "SaraciNderim won by resignation"]

1. e4 e5 2. Nf3 Nc6 3. Bb5 Nf6 4. O-O Nxe4 5. d4 Nd6 6. Bxc6 dxc6 7. dxe5 Nf5 8. Qxd8+ Kxd8 9. Nc3 Bd7 10. h3 h6 11. Rd1 Kc8 12. Ne4 b6 13. b3 a5 14.
a4 c5 15. c4 Bc6 16. Ned2 Kb7 17. Bb2 Be7 18. g4 Nh4 19. Nxh4 Bxh4 20. f3 h5 21. Kg2 Rad8 22. Ne4 hxg4 23. hxg4 Be7 24. Nf2 Rh7 25.
Rxd8 Bxd8 26. Rd1 Bg5 27. Ne4 Bf4 28. Rh1 Rxh1 29. Kxh1 g6 30. Kg2 Bxe4 31. fxe4 Kc6 32. Kf3 g5 33. Bc3 Kd7 34. Be1 Ke6 35. Bf2 Kxe5 36.
Bg1 f6 37. Bf2 Bh2 38. Be3 Bf4 39. Bf2 Ke6 40. Bg1 Be5 41. Bf2 Kd7 42. Bg1 c6 43.
Bf2 Kc7 44. Ke2 Kd6 45. Kf3 Ke6 46. Bg1 Bf4 47. Bf2 Ke5 48. Bg1 Bd2 49. Bf2 Bc1 50. Bg1 Bb2 51. Bf2 Ke6 52. Bg3 Bd4 53. Bc7 Bc3 54. Bxb6 Bb4 55. Ke3 Kd6 56. Bd8 Ke6 57. Bc7 Kd7 58. Bg3 Ke6 59. Kd3 Kd7 60. e5 Ke6 61. Ke4 Bc3 62. Bf2 Bb4 63. Be3 Ba3 64.
exf6 Kxf6 65. Bd2 Bb4 66. Bxb4 cxb4 67. Kd4 Ke6 68. Kc5 Ke5 69. Kxc6 Kd4 70. c5 Kc3 71. Kd5 Kxb3 72. c6 Ka2 73. c7 b3 74. c8=Q b2 75.
Qc2 Ka1 76. Kc5 b1=Q 77. Qxb1+ Kxb1 78. Kb5 Kc2 79. Kxa5 Kd3 80. Kb5 Ke4 81. a5 Kf4 82. a6 Kxg4 83. a7 Kh3 84. a8=Q 1-0

[Event "*** Titled Tuesday Blitz"]
[Site "Chess.com"]
[Date "2018.09.04"]
[Round "7"]
[White "VerdeNotte"]
[Black "AlexanderL"]
[Result "1/2-1/2"]
[WhiteElo "2826"]
[BlackElo "2828"]
[TimeControl "180+2"]
[EndTime "15:11:01 PDT"]
[Termination "Game drawn by repetition"]

1. e4 e5 2. Nf3 Nf6 3. Nxe5 d6 4. Nf3 Nxe4 5. c4 Nc6 6. Nc3 Nxc3 7. dxc3 g6 8. Bg5 Be7 9. Bh6 Bf8 10. Qd2 Bg4 11.
Bxf8 Kxf8 12. Be2 Kg7 13. O-O Re8 14. h3 Bd7 15. Nd4 Nxd4 16. cxd4 Qf6 17. Bf3 c6 18.
Qc3 Re7 19. Rac1 Rae8 20. Rfd1 Bf5 21. d5 Qxc3 22. Rxc3 c5 23. Kf1 h5 24. a3 a5 25. b3 Kh6 26. Rdc1 Kg5 27. Kg1 h4 28. Kh2 Re1 29. g3 Rxc1 30. Rxc1 hxg3+ 31. Kxg3 Rh8 32. Bg2 Rh4 33. Re1 Rd4 34. Bf1 Kf6 35. Re3 Rd2 36. Be2 Rb2 37. Bf3 Bb1 38. Bd1 Bc2 39. Bxc2 Rxc2 40.
a4 Rd2 41. h4 Rb2 42. f3 b6 43.
Kg4 Rg2+ 44. Kf4 Rg1 45. Re8 Rb1 46. Re3 Rh1 47. Kg3 Rg1+ 48. Kf4 Rb1 49. Kg4 Rb2 50.
Kf4 Rg2 51. Re8 Rb2 52. Re3 Kg7 53. Kg5 Rg2+ 54. Kf4 Kf8 55. Re1 Rb2 56. Re3 Rb1 57. Kg5 Kg7 58. Kf4 Kh6 59. Kg4 Rg1+ 60. Kf4 Rb1 61. Kg4 Rg1+ 62. Kf4 Rb1 63. Kg4 1/2-1/2

[Event "*** Titled Tuesday Blitz"]
[Site "Chess.com"]
[Date "2018.09.04"]
[Round "7"]
[White "Bryakin_Mikhail"]
[Black "Winehouse83"]
[Result "1-0"]
[WhiteElo "2546"]
[BlackElo "2465"]
[TimeControl "180+2"]
[EndTime "15:11:04 PDT"]
[Termination "Bryakin_Mikhail won by resignation"]

1. d4 Nf6 2. c4 g6 3. Nc3 Bg7 4. e4 d6 5. h3 O-O 6. Be3 c5 7. Nf3 Qa5 8. Bd3 Nc6 9. O-O cxd4 10. Nxd4 Nxd4 11. Bxd4 Be6 12. b3 Nd7 13. Be2 Bxd4 14. Qxd4 Qc5 15. Qd2 a6 16. Kh1 Nf6 17. f4 b5 18. f5 b4 19. Nd5 Bxd5 20. exd5 Kh8 21. Rf4 Rg8 22. Raf1 gxf5 23. Qb2 Rg7 24. Rxf5 Ne4 25.
R1f3 f6 26. g4 a5 27. Kg2 a4 28. bxa4 Rxa4 29. Rb3 Nc3 30. a3 Nxe2 31. Qxe2 Rxa3 32. Rff3 Qa5 33. Kg3 Ra2 34. Qe6 Qc5 35. Qe4 Qg1+ 36. Kh4 Qc1 37. Rbe3 b3 38. Qf5 b2 39. Rb3 Qh6+ 40.
Kg3 Qc1 41. Rb8+ Rg8 42. Rb7 Qe1+ 43. Kf4 b1=Q 44. Rxb1 Qd2+ 45. Kg3 Qh2+ 46. Kh4 Re2 47. Rbf1 Re5 48. Qf4 Qc2 49. Re3 h5 50. Rxe5 dxe5 51. Qh6+ Qh7 52. Qxh5 Rc8 53. Qxh7+ Kxh7 54. Rc1 Rc5 55.
Kg3 Kh6 56. h4 Kg6 57. Kf3 f5 58. gxf5+ Kxf5 59. Ke3 e4 60. Kd4 Rc8 61. Rf1+ Kg4 62. Re1 Kxh4 63. Rxe4+ Kg5 64. Rxe7 Kf6 65. Re1 1-0

[Event "*** Titled Tuesday Blitz"]
[Site "Chess.com"]
[Date "2018.09.04"]
[Round "7"]
[White "joejan"]
[Black "r31415"]
[Result "1-0"]
[WhiteElo "2233"]
[BlackElo "2373"]
[TimeControl "180+2"]
[EndTime "15:11:07 PDT"]
[Termination "joejan won by resignation"]

1. e4 d6 2. d4 Nf6 3. Nc3 g6 4. Bc4 Bg7 5. Qe2 Nc6 6. e5 Nxd4 7. exf6 Nxe2 8. fxg7 Rg8 9. Ngxe2 Rxg7 10. Bh6 Rg8 11. O-O-O c6 12. Rhe1 g5 13. f4 g4 14. Ng3 d5 15. f5 Qd6 16. Be3 h5 17. Nce4 Qd7 18. Bc5 Kd8 19. f6 e6 20. Be7+ Kc7 21. Nd6 dxc4 22. Nxc4 Rg5 23. Rxd7+ Bxd7 24. Ne4 Rg6 25. Ne5 Rh6 26. Nxf7 Rh7 27. Ne5 Be8 28. Bd6+ Kb6 29. Re3 a5 30. Rb3+ Ka6 31. Nc5+ Ka7 32. f7 Rxf7 33.
Nxf7 b6 34. Ne5 bxc5 35. Bxc5+ Ka6 36. Rb6+ Ka7 37. Rxc6+ Kb7 38. Rxe6 Bb5 39. Re7+ Kc8 40. c4 Ba4 41. b3 Kd8 42. bxa4 Ra6 43. Nf7+ Kc8 44.
Nd6+ Kd8 45. Ne4 h4 46. Re5 h3 47. gxh3 gxh3 48. Kc2 Rg6 49. Ng3 Kd7 50. Kc3 Rf6 51. Be3 Kc8 52. Rc5+ Kb7 53. Rxa5 Rd6 54. Re5 Rd1 55. Rh5 Ra1 56. Rxh3 Rxa2 57. Kb4 Rb2+ 58. Kc5 Rb3 59. Rh7+ Ka8 60. Bf4 Rb5+ 61. Kd4 Rd5+ 62. Ke3 Rd3+ 63. Ke2 Rxg3 64. Rh8+ 1-0

[Event "*** Titled Tuesday Blitz"]
[Site "Chess.com"]
[Date "2018.09.04"]
[Round "7"]
[White "Arash_Tahbaz"]
[Black "nihalsarin"]
[Result "1-0"]
[WhiteElo "2763"]
[BlackElo "2853"]
[TimeControl "180+2"]
[EndTime "15:11:28 PDT"]
[Termination "Arash_Tahbaz won by resignation"]

1. c4 Nf6 2. Nc3 e6 3. d4 Bb4 4.
Qc2 d5 5. Nf3 dxc4 6. e4 b5 7.
e5 Nd5 8. a4 c6 9. Bd2 Bxc3 10.
bxc3 h6 11. Be2 Nd7 12. h4 a6 13. Rh3 g6 14. Rg3 Qe7 15. Kf1 Bb7 16. Qc1 g5 17.
hxg5 hxg5 18. Kg1 O-O-O 19. Bxg5 f6 20. exf6 N7xf6 21. Ne5 Rdg8 22. Bf3 Qh7 23. Rh3 Qg7 24. Bh6 Qe7 25. Kf1 Nd7 26. axb5 cxb5 27. Nxd7 Qxd7 28. Qd2 Rg6 29. Be4 Rf6 30. Bg5 Rxh3 31. gxh3 Rf8 32. h4 Qf7 33. Bh6 Rh8 34. Bg5 Rf8 35.
Ra2 Nb6 36. d5 Nxd5 37. Qd4 Qc7 38. Bxd5 exd5 39. Re2 Bc6 40. Re7 Bd7 41. Qxd5 Qc6 42. Rxd7 Qxd7 43. Qc5+ Kb7 44. Qxf8 Qd1+ 45. Kg2 Qg4+ 46.
Kh2 Qe2 47. Qf7+ Kb6 48. Qf6+ Ka5 49. Qd4 Ka4 50. Qe3 Qh5 51. f4 Kb3 52. f5 a5 53. f6 a4 54. Qf2 Qf7 55. Qc5 Qh5 56. Qxb5+ Kc2 57. Qxc4 a3 58. Qa2+ Kd3 59. f7 Qf3 60.
Qd2+ Kc4 61. Qd4+ Kb3 62. Qb4+ Kc2 63. f8=Q Qe2+ 64. Kg3 Qe5+ 65. Qff4 Qe1+ 66. Qf2+ Qxf2+ 67. Kxf2 a2 68. Qa4+ 1-0

[Event "*** Titled Tuesday Blitz"]
[Site "Chess.com"]
[Date "2018.09.04"]
[Round "7"]
[White "GHANDEEVAM2003"]
[Black "MikaelyanArman"]
[Result "1/2-1/2"]
[WhiteElo "2695"]
[BlackElo "2675"]
[TimeControl "180+2"]
[EndTime "15:11:32 PDT"]
[Termination "Game drawn - insufficient material"]

1. d4 Nf6 2. c4 e6 3. g3 Bb4+ 4. Bd2 Qe7 5. Bg2 Nc6 6. Nf3 Bxd2+ 7. Qxd2 Ne4 8. Qc2 Qb4+ 9. Nc3 Nxc3 10. Qxc3 Qxc3+ 11. bxc3 d6 12. Nd2 Na5 13. Rb1 Rb8 14. c5 b6 15. cxd6 cxd6 16. e3 Ba6 17. Bf1 Bxf1 18. Rxf1 Rc8 19. Rc1 Kd7 20. Ke2 Nc4 21. Nxc4 Rxc4 22.
Kd3 Rhc8 23. Rc2 b5 24. Rb1 a6 25. Rb4 e5 26. Rxc4 Rxc4 27. Rb2 Ra4 28. Kc2 Ke6 29. Kb3 e4 30. f3 exf3 31. Rf2 Rc4 32. Rxf3 f5 33. h3 h5 34. g4 hxg4 35. hxg4 fxg4 36. Rf4 g5 37. Rxg4 Kf5 38. Rg1 Rc8 39. Kb4 g4 40.
Ka5 Rxc3 41. Kxa6 Rxe3 42. Kxb5 g3 43. a4 Ke4 44. a5 d5 45. a6 Rb3+ 46. Kc6 Ra3 47.
Kb7 Kf3 48. a7 Kf2 49. Rb1 g2 50. a8=Q Rxa8 51. Kxa8 Ke3 52. Kb7 Kxd4 53. Kc6 Ke3 54. Kxd5 Kf2 55. Ke4 g1=Q 56. Rxg1 Kxg1 1/2-1/2

[Event "*** Titled Tuesday Blitz"]
[Site "Chess.com"]
[Date "2018.09.04"]
[Round "7"]
[White "Ksenia_Legenko"]
[Black "arna"]
[Result "0-1"]
[WhiteElo "2048"]
[BlackElo "2105"]
[TimeControl "180+2"]
[EndTime "15:11:35 PDT"]
[Termination "arna won by resignation"]

1. d4 Nf6 2. c4 e6 3. g3 c5 4. Nf3 cxd4 5. Nxd4 Qa5+ 6. Nc3 Ne4 7. Qc2 Nxc3 8. bxc3 Nc6 9. Nb3 Qa4 10. c5 Bxc5 11. Bg2 O-O 12. O-O d5 13. Rd1 Na5 14. Rb1 Nc4 15. e4 Nb6 16. exd5 exd5 17. Bxd5 Nxd5 18. Rxd5 Bb6 19. Bf4 Be6 20. Rh5 g6 21. Rh4 Bf5 22. Qb2 Bxb1 23. Bh6 Qd7 24. Qxb1 Rfe8 25. c4 f6 26. c5 Bc7 27. Rd4 Qe6 28. Kg2 Rad8 29.
Rxd8 Bxd8 30. Qb2 Qe5 31. Qa3 a6 32. c6 Qd5+ 33. Kh3 Qe6+ 34. Kg2 Qxc6+ 35. Kh3 Be7 36. Qa5 Qe6+ 37. Kg2 Rd8 38. Qc3 Qc6+ 39. Qxc6 bxc6 40. Be3 Kf7 41. Na5 Rc8 42. Kf3 c5 43. Ke4 Ke6 44.
Nb3 f5+ 45. Kf3 Kd5 46. Ke2 Bf6 47. Kd2 c4 48. Na5 Rc7 49. Kc2 Be5 50. Bb6 Rc8 51. Be3 Rb8 52. Bd2 Rb2+ 53. Kc1 Rxa2 54. Nb7 Ra1+ 55.
Kc2 Ra2+ 56. Kc1 c3 57. Be3 Bf6 58. h4 Bd4 59. Bf4 Rxf2 60. Nd8 Ke4 61. Ne6 Be3+ 62. Kd1 Bxf4 63. Nc5+ Kd5 64. gxf4 Kxc5 65. Ke1 Rd2 0-1

[Event "*** Titled Tuesday Blitz"]
[Site "Chess.com"]
[Date "2018.09.04"]
[Round "7"]
[White "biostatistician"]
[Black "AkibaRubi"]
[Result "0-1"]
[WhiteElo "2468"]
[BlackElo "2506"]
[TimeControl "180+2"]
[EndTime "15:11:42 PDT"]
[Termination "AkibaRubi won by resignation"]

1. d4 Nf6 2. Nf3 g6 3. c4 Bg7 4.
Nc3 O-O 5. e4 d6 6. Be2 Bg4 7. Be3 Nfd7 8. Rc1 e5 9. d5 a5 10. O-O Na6 11. a3 Bxf3 12. Bxf3 f5 13.
Rb1 Bf6 14. b4 Bg5 15. Bxg5 Qxg5 16. Qc1 Qe7 17. Be2 Nf6 18. f3 axb4 19. axb4 Nb8 20. Ra1 Nbd7 21. Qc2 Nb6 22. Nb5 c6 23. Nc3 cxd5 24.
cxd5 Qc7 25. Qd2 Nc4 26. Bxc4 Qxc4 27. Rxa8 Rxa8 28. exf5 gxf5 29. Qg5+ Kf7 30. Qxf5 Qd4+ 31. Kh1 Qxc3 32. g4 Ra1 33. Rxa1 Qxa1+ 34. Kg2 Qb2+ 35. Kh3 h6 36. Qe6+ Kg6 37. Qxd6 Qf2 38. Qe6 Qxf3+ 39. Kh4 Qxd5 40. Qf5+ Kf7 41. Qc8 Qe4 42. b5 Qxg4+ 43. Qxg4 Nxg4 44. Kxg4 Ke6 45. h4 e4 46. Kf4 Kd5 47.
Ke3 Ke5 48. b6 h5 49. Ke2 Kf4 50. Kf2 Kg4 51. Ke3 Kxh4 52. Kxe4 Kg5 53. Kd5 h4 54. Kd6 h3 55. Kc7 h2 56. Kxb7 h1=Q+ 57. Kc7 Qh2+ 58. Kc8 Qc2+ 59. Kd7 Qd3+ 60. Kc7 Qc4+ 61. Kd7 Qb5+ 62.
Kc7 Qc5+ 63. Kb7 Kf6 64. Ka8 Qa5+ 65. Kb7 Ke6 66. Kc6 Qc3+ 67. Kb7 Kd7 68. Ka7 Qb3 69. Ka8 Kc6 0-1